 Dungeon Crawl Stone Soup version 0.23-a0-636-g0ff605794f (webtiles) character file.

666680 Azzar the Pyromancer (level 27, -2/181 HPs)
             Began as a Gargoyle Earth Elementalist on Dec 27, 2018.
             Was the Champion of Vehumet.
             Slain by an entropy weaver (11 damage)
             ... on level 14 of a ziggurat on Dec 28, 2018.
             The game lasted 04:48:04 (81053 turns).

Azzar the Pyromancer (Gargoyle Earth Elementalist) Turns: 81053, Time: 04:48:05

Health: -2/181     AC: 36    Str: 17 (18) XL:     27
Magic:  0/53       EV: 19    Int: 30 (31) God:    Vehumet [******]
Gold:   7663       SH:  7    Dex:  9 (10) Spells: 9/61 levels left

rFire    + + .     SeeInvis .   V - staff of fire
rCold    + . .     Gourm    +   O - +3 buckler {AC+3}
rNeg     + . .     Faith    .   B - +2 robe {MR+}
rPois    ∞         Spirit   .   U - +2 hat of the Thistle {+Blink Regen+ Str+2 Stlth+}
rElec    +         Reflect  .   S - +2 cloak {MR+}
rCorr    +         Harm     .   q - +2 pair of gloves {Str+3}
MR       +++++                  x - +2 pair of boots of Lifelessness {MP+9 Stlth+}
Stlth    ++++......             Q - amulet of the gourmand
HPRegen  0.80/turn              Y - ring "Teur" {rCorr rC++ MR+++}
MPRegen  0.33/turn              w - ring of Wiul {+Inv rC- MR+ Int+3}

@: corroded, very slightly contaminated, slowed, studying Slings, very slow
A: big wings, fire resistance 1, mutation resistance 1, negative energy
resistance 1, electricity resistance, unbreathing, petrification resistance, no
potion heal 1, rot immunity, sturdy frame 1, AC +20
}: 4/15 runes: barnacled, slimy, silver, gossamer
a: Fly, Renounce Religion, Evoke Blink, Evoke Invisibility


You were on level 14 of a ziggurat.
You worshipped Vehumet.
Vehumet was exalted by your worship.
You were very full.

You visited 10 branches of the dungeon, and saw 50 of its levels.
You visited the Abyss 1 time.
You visited 1 ziggurat, and saw 14 of its levels.
You also visited: Sewer, Bailey, Gauntlet and Volcano.

You collected 9997 gold pieces.
You spent 2334 gold pieces at shops.

Inventory:

Hand Weapons
 c - a +5 demon whip of venom
 u - a +9 eveningstar of holy wrath
 C - the +9 staff of Wucad Mu {channel}
   (You found it on level 9 of a ziggurat)
 R - the +7 great mace "Undeadhunter" {disrupt, rN+}
   (You found it on level 12 of a ziggurat)

   It protects you from negative energy.
Missiles
 b - 1526 stones (quivered)
 o - 7 javelins of penetration
 E - 14 throwing nets
Armour
 q - a +2 pair of gloves of strength (worn)
 x - the +2 pair of boots of Lifelessness (worn) {MP+9 Stlth+}
   (You found it on level 5 of the Vaults)

   It affects your magic capacity (+9).
   It makes you more stealthy.
 B - a +2 robe of magic resistance (worn)
 O - a +3 buckler of protection (worn)
 S - a +2 cloak of magic resistance (worn)
 U - the +2 hat of the Thistle (worn) {+Blink Regen+ Str+2 Stlth+}
   (You found it in a Gauntlet)

   It affects your strength (+2).
   It lets you blink.
   It increases your rate of regeneration.
   It makes you more stealthy.
Magical Staves
 f - an uncursed staff of energy
 j - an uncursed staff of earth
 I - an uncursed staff of cold
 V - an uncursed staff of fire (weapon)
Jewellery
 h - an uncursed ring of see invisible
 s - a +6 ring of slaying
 w - the ring of Wiul (right hand) {+Inv rC- MR+ Int+3}
   (You found it on level 5 of a ziggurat)

   [ring of protection from magic]

   It affects your intelligence (+3).
   It makes you vulnerable to cold.
   It affects your resistance to hostile enchantments.
   It lets you turn invisible.
 Q - an amulet of the gourmand (around neck)
 T - an uncursed ring of protection from magic
 W - the ring of Sif Muna's Fury {rPois MR+ Int+10 Dex-3 Stlth+}
   (You took it off a frost giant on level 3 of the Depths)

   [ring of protection from magic]

   It affects your intelligence (+10).
   It affects your dexterity (-3).
   It protects you from poison.
   It affects your resistance to hostile enchantments.
   It makes you more stealthy.
 Y - the ring "Teur" (left hand) {rCorr rC++ MR+++}
   (You took it off a tengu warrior on level 4 of the Depths)

   [ring of resist corrosion]

   It greatly protects you from cold.
   It affects your resistance to hostile enchantments.
Wands
 y - a wand of clouds (34)
 F - a wand of scattershot (3)
 J - a wand of acid (41)
 L - a wand of disintegration (31)
Scrolls
 e - 9 scrolls of magic mapping
 g - 27 scrolls of teleportation
 l - 19 scrolls of remove curse
 p - 31 scrolls of identify
 v - 6 scrolls of blinking
 D - 4 scrolls of enchant armour
 G - 4 scrolls of holy word
 N - 10 scrolls of fog
 P - 4 scrolls of summoning
Potions
 a - 9 potions of haste
 i - 4 potions of brilliance
 k - 3 potions of resistance
 m - 4 potions of might
 n - 6 potions of mutation
 r - a potion of experience
 t - 11 potions of agility
 z - 2 potions of cancellation
 A - 4 potions of ambrosia
 H - 4 potions of heal wounds
 M - 15 potions of curing
Books
 K - a manual of Slings
Miscellaneous
 X - 4 phantom mirrors
Comestibles
 d - 47 rations


   Skills:
 - Level 20.8 Fighting
 - Level 16.0 Maces & Flails
 - Level 1.2 Throwing
 - Level 6.0 Armour
 - Level 15.0 Dodging
 - Level 2.1 Stealth
 - Level 5.0 Shields
 - Level 17.9 Spellcasting
 - Level 15.0 Conjurations
   Level 0.7 Transmutations
 - Level 22.3 Fire Magic
 + Level 14.9 Ice Magic
 - Level 21.2 Earth Magic
 - Level 6.0 Evocations


You had 9 spell levels left.
You knew the following spells:

 Your Spells              Type           Power        Failure   Level  Hunger
a - Glaciate              Conj/Ice       #######...   61%         9    #######
b - Fire Storm            Conj/Fire      ########..   19%         9    #######
c - Lee's Rapid Deconstr  Erth           ########..   0%          5    None
d - Bolt of Magma         Conj/Fire/Erth ########..   0%          5    None
e - Iron Shot             Conj/Erth      #######...   1%          6    #......
f - Apportation           Tloc           ####..       1%          1    None
h - Ignition              Fire           ########..   1%          8    ######.
i - Shatter               Erth           ########..   7%          9    #######

Your spell library contained the following spells:

 Spells                   Type           Power        Failure   Level  Hunger
 Lehudib's Crystal Spear  Conj/Erth      #######...   1%          8    ######.
 Flame Tongue             Conj/Fire      #####        0%          1    None
 Freeze                   Ice            ####         0%          1    None
 Magic Dart               Conj           ####         0%          1    None
 Sandblast                Erth           ######       0%          1    None
 Searing Ray              Conj           ######       0%          2    None
 Throw Frost              Conj/Ice       ######       0%          2    None
 Conjure Flame            Conj/Fire      ########     0%          3    None
 Stone Arrow              Conj/Erth      ######       0%          3    None
 Fireball                 Conj/Fire      ########..   0%          5    None
 Animate Skeleton         Necr           N/A          1%          1    None
 Confusing Touch          Hex            ####..       1%          1    None
 Corona                   Hex            ####...      1%          1    None
 Infusion                 Chrm           ####         1%          1    None
 Pain                     Necr           ####         1%          1    None
 Shock                    Conj/Air       ####         1%          1    None
 Sting                    Conj/Pois      ####         1%          1    None
 Summon Butterflies       Summ           ####....     1%          1    None
 Summon Small Mammal      Summ           ####         1%          1    None
 Ensorcelled Hibernation  Hex/Ice        ######       1%          2    None
 Passwall                 Tmut/Erth      #######.     1%          2    None
 Dazzling Spray           Conj/Hex       ######       1%          3    None
 Ignite Poison            Fire/Tmut/Pois #######.     1%          3    None
 Inner Flame              Hex/Fire       #######.     1%          3    None
 Mephitic Cloud           Conj/Pois/Air  ######..     1%          3    None
 Ozocubu's Armour         Chrm/Ice       ######..     1%          3    None
 Static Discharge         Conj/Air       ######..     1%          3    None
 Force Lance              Conj/Tloc      ######..     1%          4    None
 Fulminant Prism          Conj/Hex       ######....   1%          4    None
 Ice Form                 Ice/Tmut       ######..     1%          4    None
 Iskenderun's Mystic Bla  Conj           #######.     1%          4    None
 Leda's Liquefaction      Hex/Erth       ######....   1%          4    None
 Petrify                  Tmut/Erth      #######.     1%          4    None
 Summon Ice Beast         Ice/Summ       ######..     1%          4    None
 Throw Icicle             Conj/Ice       #######.     1%          4    None
 Bolt of Draining         Conj/Necr      ######....   1%          5    None
 Borgnjor's Vile Clutch   Necr/Erth      ######....   1%          5    None
 Irradiate                Conj/Tmut      ######....   1%          5    None
 Iskenderun's Battlesphe  Conj/Chrm      ######..     1%          5    None
 Lightning Bolt           Conj/Air       ######....   1%          5    None
 Metabolic Englaciation   Hex/Ice        ######....   1%          5    None
 Venom Bolt               Conj/Pois      ######....   1%          5    None
 Bolt of Fire             Conj/Fire      ########..   1%          6    #......
 Freezing Cloud           Conj/Ice/Air   ######....   1%          6    #......
 Orb of Destruction       Conj           #######...   1%          7    ####...
 Blink                    Tloc           N/A          2%          2    None
 Call Imp                 Summ           ####....     2%          2    None
 Corpse Rot               Necr           N/A          2%          2    None
 Poisonous Vapours        Pois/Air       ####..       2%          2    None
 Shroud of Golubria       Chrm/Tloc      ####......   2%          2    None
 Slow                     Hex            ####....     2%          2    None
 Song of Slaying          Chrm           ####....     2%          2    None
 Swiftness                Chrm/Air       ####....     2%          2    None
 Conjure Ball Lightning   Conj/Air       ######....   3%          6    #......
 Poison Arrow             Conj/Pois      ######....   3%          6    #......
 Call Canine Familiar     Summ           ####....     4%          3    None
 Confuse                  Hex            ####....     4%          3    None
 Lesser Beckoning         Tloc           ####......   4%          3    None
 Portal Projectile        Hex/Tloc       ####..       4%          3    None
 Recall                   Summ/Tloc      N/A          4%          3    None
 Regeneration             Chrm/Necr      ####......   4%          3    None
 Spectral Weapon          Hex/Chrm       ####....     4%          3    None
 Teleport Other           Tloc           ####....     4%          3    None
 Tukima's Dance           Hex            ####....     4%          3    None
 Vampiric Draining        Necr           ####......   4%          3    None
 Airstrike                Air            ####......   4%          4    None
 Olgreb's Toxic Radiance  Pois           ####....     4%          4    None
 Simulacrum               Ice/Necr       ######....   11%         6    #......
 Ring of Flames           Chrm/Fire      #######...   13%         7    ####...
 Animate Dead             Necr           N/A          16%         4    None
 Spellforged Servitor     Conj/Summ      ######....   16%         7    ####...
 Alistair's Intoxication  Tmut/Pois      ####....     36%         5    None
 Agony                    Necr           ####....     41%         5    None
 Aura of Abjuration       Summ           ####......   41%         5    None
 Dispel Undead            Necr           ####....     41%         5    None
 Excruciating Wounds      Chrm/Necr      ####......   41%         5    None
 Silence                  Hex/Air        ####......   41%         5    None
 Summon Demon             Summ           ####......   41%         5    None
 Summon Forest            Summ/Tloc      ####......   41%         5    None
 Summon Mana Viper        Hex/Summ       ####....     41%         5    None
 Chain Lightning          Conj/Air       ######....   71%         8    ######.
 Hydra Form               Tmut           ####......   87%         6    #......
 Darkness                 Hex            ####......   94%         6    #......
 Death Channel            Necr           ####......   94%         6    #......
 Deflect Missiles         Chrm/Air       ####......   94%         6    #......
 Invisibility             Hex            ####....     94%         6    #......
 Shadow Creatures         Summ           N/A          94%         6    #......
 Dragon Form              Tmut           ####......   100%        7    ####...
 Haunt                    Necr/Summ      ####......   100%        7    ####...
 Malign Gateway           Summ/Tloc      ####......   100%        7    ####...
 Summon Hydra             Summ           ####......   100%        7    ####...
 Borgnjor's Revivificati  Necr           ####......   100%        8    ######.
 Death's Door             Chrm/Necr      ####......   100%        8    ######.
 Disjunction              Tloc           ####......   100%        8    ######.
 Infestation              Necr           ####......   100%        8    ######.
 Necromutation            Tmut/Necr      ####......   100%        8    ######.
 Tornado                  Air            ####......   100%        9    #######
 Sublimation of Blood     Necr           Unusable     N/A         2    N/A
 Statue Form              Tmut/Erth      Unusable     N/A         6    N/A

Dungeon Overview and Level Annotations

Branches:
Dungeon (15/15)            Temple (1/1) D:7            Lair (6/6) D:11
 Shoals (4/4) Lair:2       Spider (4/4) Lair:2        Slime (5/5) Lair:5
    Orc (2/2) D:12            Elf (3/3) Orc:2        Vaults (5/5) D:14
  Crypt (0/3) Vaults:3     Depths (5/5) D:15
    Zot: Depths:5

Altars:
Ashenzari
Cheibriados
Dithmenos
Elyvilon
Fedhas
Gozag
Hepliaklqana
Kikubaaqudgha
Makhleb
Nemelex Xobeh
Okawaru
Qazlal
Ru
Sif Muna
Trog
Uskayaw
Vehumet
Wu Jian
Xom
Yredelemnul
Zin
The Shining One
Jiyva

Shops:
Orc:2 :::[   Elf:1 *   Elf:3 :   Vaults:4 (   Depths:1 *   Depths:2 %

Portals:
Hell: Depths:1 Depths:2 Depths:3 Depths:4
Abyss: Depths:1 Depths:3 Depths:4
Pandemonium: Depths:3 Depths:4
Trove: D:11 (give 14 scrolls of teleportation)


Innate Abilities, Weirdness & Mutations

You are resistant to torment.
Your stone body is resilient. (AC +20)
You are immune to poison.
Your large and strong wings let you fly indefinitely.
You resist negative energy. (rN+)
You are resistant to electric shocks. (rElec)
You can survive without breathing.
You are immune to petrification.
You are immune to rotting.
Your flesh is heat resistant. (rF+)
You are somewhat resistant to further mutation.
Potions are less effective at restoring your health.
Your movements are slightly less encumbered by armour. (ER -2)


Message History

Something stings you but does no damage.
You feel you are being watched by something.
The torpor snail bites you!!
* * * LOW HITPOINT WARNING * * *
The entropy weaver casts a spell.
The moth of wrath bites you.
* * * LOW HITPOINT WARNING * * *
Something hits you but does no damage. Something barely misses you.
Something stings you but does no damage.
Unknown command.
You feel you are being watched by something.
You feel your power leaking away.
The wolf spider rages.
The torpor snail bites you!!
* * * LOW HITPOINT WARNING * * *
Something barely misses you. Something closely misses you.
Something stings you but does no damage.
You block the entropy weaver's attack. The entropy weaver closely misses you.
The entropy weaver hits you!
You die...

.. ..........
▓▓▓▓▓▓▓▓..........
▓.................
▓.................
▓||:...§..........
▓:)[...†..§.{.†..s
▓a:s....††.{≈≈≈...
▓@ws........≈8≈y..
▓∩:y........y≈≈...
▓??).......§§§....
▓.........§....s..
▓.........§.......
▓.........§.......
▓▓▓▓▓▓▓▓..§.......
▓§.§§§.....
▓§§§§§.....


You could see an entropy weaver, a torpor snail (berserk), a wolf spider
(berserk), a moth of wrath and a tarantella.

Vanquished Creatures
  the Royal Jelly (Slime:5)
  2 ancient liches
  4 juggernauts
  Frederick (Depths:3)
  6 caustic shrikes
  2 pandemonium lords
  2 Killer Klowns (Zig:8)
  Nikola (Depths:2)
  5 golden dragons
  Arachne (Spider:2)
  A bone dragon (D:15)
  Jory (Vaults:2)
  3 liches
  A Brimstone Fiend (Zig:13)
  3 hellephants
  3 tentacled monstrosities
  A Hell Sentinel (Zig:13)
  Asterion (Elf:1)
  2 deep elf master archers
  2 quicksilver dragons (Depths:4)
  A titan (Vaults:5)
  2 krakens
  22 acid blobs
  3 Executioners (Zig:13)
  5 tentacled starspawn (Abyss:3)
  6 sphinxes
  Gastronok (Lair:1)
  5 storm dragons
  3 shadow dragons
  7 tengu reavers
  Kirke (Shoals:4)
  Ilsuiw (Shoals:2)
  Roxanne (Shoals:1)
  A daeva (Depths:2)
  15 azure jellies
  A nagaraja (Vaults:4)
  9 fire giants
  2 iron dragons
  12 frost giants
  A draconian scorcher (Abyss:3)
  13 vault wardens
  7 ghost moths
  14 deep elf sorcerers
  A draconian shifter (Abyss:3)
  4 orc warlords
  A warmonger (Zig:13)
  4 balrugs
  9 emperor scorpions
  16 ironheart preservers
  An angel (Depths:2)
  6 deep elf elementalists
  A cacodemon (Depths:2)
  34 stone giants
  4 war gargoyles
  A reaper (Depths:4)
  16 deep elf demonologists
  A vampire knight (Depths:5)
  2 black suns (Zig:13)
  A red draconian (Volcano)
  4 entropy weavers
  15 deep elf annihilators
  2 yellow draconians (Depths:5)
  A purple draconian (Depths:5)
  8 deep elf death magi
  A minotaur (Gauntlet)
  4 dire elephants
  Snorg (D:10)
  5 merfolk javelineers (Shoals:4)
  5 blizzard demons
  7 spark wasps
  A green death (Zig:13)
  14 ettins
  11 merfolk impalers
  A quicksilver dragon zombie (Depths:1)
  12 fire dragons
  6 death oozes
  11 deep elf high priests
  9 great orbs of eyes
  18 yaktaur captains
  11 ogre magi
  Fannar (Orc:1)
  3 spriggan air magi
  9 ice dragons
  6 rakshasas
  A hell beast (Zig:13)
  Harold (Lair:1)
  14 centaur warriors
  9 hydras
  34 vault guards
  2 death knights
  3 merfolk avatars
  3 satyrs
  30 dancing weapons
  An anaconda (Lair:6)
  4 alligator snapping turtles
  19 tengu warriors
  30 two-headed ogres
  A two-headed ogre (shapeshifter) (Zig:8)
  A deep troll earth mage (Depths:2)
  2 deep troll shamans
  3 orc high priests
  4 death yaks (Lair:4)
  6 merfolk aquamancers
  The ghost of Wuig the Grappler, a journeyman VSMo of Elyvilon (Lair:2)
  3 thrashing horrors (Abyss:3)
  9 spriggan berserkers
  5 soul eaters
  32 deep elf knights
  Sonja (Lair:5)
  4 sun demons
  16 hell knights
  A shadow wraith (Vaults:5)
  3 iron trolls
  A salamander mystic (Depths:1)
  8 unseen horrors
  7 skeletal warriors
  15 sea snakes
  An infernal demonspawn (Zig:13)
  10 deep trolls
  8 glowing orange brains
  3 shadow demons
  30 deep elf archers
  2 quicksilver dragon simulacra (Depths:4)
  5 flayed ghosts
  A swamp dragon (Zig:1)
  8 starcursed masses (Abyss:3)
  5 wizards
  A spark wasp zombie (Depths:1)
  11 ironbrand convokers
  A lindwurm (Lair:6)
  A harpy (shapeshifter) (Vaults:3)
  A spriggan druid (Zig:11)
  A wolf spider zombie (D:15)
  An orange crystal statue (Zig:9)
  20 orb spiders
  A sphinx zombie (D:15)
  20 orc knights
  11 necromancers
  A lindwurm (shapeshifter) (Vaults:1)
  An obsidian statue (D:12)
  2 phantasmal warriors (Vaults:5)
  2 orb spiders (shapeshifter)
  20 harpies
  69 deep elf magi
  2 mana vipers (shapeshifter) (Vaults:4)
  2 oklob plants (Shoals:4)
  47 wolf spiders
  2 orc sorcerers
  6 shining eyes
  A salamander (shapeshifter) (Zig:8)
  10 fauns
  11 cyclopes
  24 ugly things
  A sphinx skeleton (Depths:2)
  2 stone giant zombies
  2 salamanders (Depths:2)
  2 worldbinders (Abyss:3)
  11 manticores
  13 elephants
  7 black mambas
  2 stone giant skeletons
  13 merfolk sirens
  10 rust devils
  Psyche (D:12)
  9 moths of wrath
  An ice statue (Depths:4)
  19 vault sentinels
  3 eyes of devastation
  4 smoke demons
  3 water nymphs
  2 frost giant skeletons (Depths:2)
  8 torpor snails
  2 orange demons
  4 gargoyles
  3 kobold demonologists
  A hellion (Zig:13)
  12 freezing wraiths
  8 spiny frogs
  40 yaktaurs
  4 ice devils
  2 komodo dragons (shapeshifter)
  A spark wasp simulacrum (Depths:1)
  2 efreet (Depths:4)
  10 komodo dragons
  16 demonic crawlers
  3 yaktaurs (shapeshifter)
  3 rime drakes
  2 tormentors (Zig:13)
  A yaktaur zombie (D:15)
  An ancient zyme (Abyss:3)
  2 tengu conjurers
  A guardian mummy (D:15)
  18 trolls
  50 jumping spiders
  34 merfolk
  9 meliai
  3 red devils (Depths:4)
  A wind drake (shapeshifter) (Depths:3)
  A hornet (shapeshifter) (Depths:4)
  A merfolk (shapeshifter) (Elf:1)
  11 polar bears
  3 wind drakes
  16 hornets
  11 blink frogs
  An ettin zombie (Depths:1)
  7 raiju
  16 tyrant leeches
  5 snapping turtles
  162 slime creatures
  21 dream sheep
  14 hippogriffs
  An ettin skeleton (Depths:2)
  A flying skull (Depths:4)
  An air elemental (Elf:3)
  79 redbacks
  11 water elementals
  7 shadows
  A tarantella (shapeshifter) (D:13)
  2 vampires
  4 wraiths
  An elf simulacrum (Depths:1)
  9 spriggans (Lair:5)
  A yak (shapeshifter) (Vaults:4)
  27 tarantellas
  A basilisk (shapeshifter) (Depths:2)
  A deep troll skeleton (Depths:1)
  2 spriggan skeletons
  46 yaks
  6 wyverns
  4 ynoxinuls (Depths:2)
  5 hungry ghosts
  8 chaos spawn
  A hog (shapeshifter) (Abyss:3)
  A human (D:7)
  5 fire elementals
  A golden eye (shapeshifter) (Vaults:3)
  2 basilisks
  A steam dragon (shapeshifter) (Vaults:1)
  3 steam dragons
  10 hogs
  6 neqoxecs
  6 golden eyes
  11 vampire mosquitoes
  Edmund (D:4)
  4 acid dragons
  A naga (shapeshifter) (Depths:1)
  2 yaktaur simulacra
  3 spatial vortices (Abyss:3)
  Menkaure (D:6)
  2 swamp worms (Spider:4)
  20 wargs
  10 large abominations
  2 swamp worms (shapeshifter) (Zig:8)
  13 water moccasins
  A soldier ant (D:12)
  15 hell hounds
  7 porcupines
  77 orc warriors
  A hornet zombie (D:12)
  2 phantoms
  2 swamp drakes
  A swamp dragon zombie (Abyss:3)
  3 ettin simulacra (Depths:4)
  13 black bears
  9 eyes of draining
  2 sky beasts
  An ice beast (D:6)
  37 ogres
  An eye of draining (shapeshifter) (Vaults:1)
  A necrophage (D:9)
  11 boggarts
  19 wolves
  33 centaurs
  An elf skeleton (Vaults:4)
  10 crocodiles
  7 big kobolds
  19 bullfrogs
  14 gnoll sergeants
  2 earth elementals (Zig:12)
  2 wyvern zombies
  A glowing shapeshifter simulacrum (Vaults:4)
  7 scorpions
  6 small abominations
  55 killer bees
  20 wights
  9 electric eels
  5 howler monkeys
  A bullfrog zombie (D:11)
  7 crimson imps
  16 centaur zombies
  2 human simulacra (Vaults:3)
  A quasit (D:8)
  6 hounds
  3 jellies
  3 bullfrog skeletons
  6 gnoll shamans (Bailey)
  17 orc priests
  12 centaur skeletons
  5 iguanas
  32 orc wizards
  Terence (D:2)
  11 worker ants
  A hound skeleton (D:4)
  5 worker ant zombies
  30 gnolls
  5 river rats
  19 adders
  10 shadow imps
  5 white imps
  An ufetubus (Abyss:3)
  2 adder zombies
  8 worms
  7 leopard geckos
  123 orcs
  6 ball pythons
  9 bats
  5 giant cockroaches
  8 goblins
  6 hobgoblins
  2 jackals (D:9)
  16 kobolds
  8 quokkas
  16 frilled lizards
  9 rats
  17 crawling corpses
  3 fungi
  7 plants
  5 starspawn tentacles (Abyss:3)
  A tentacle (Shoals:3)
2850 creatures vanquished.

Vanquished Creatures (collateral kills)
  A tengu conjurer (Depths:4)
  A large abomination (Zig:13)
  An orc warrior (D:12)
3 creatures vanquished.

Vanquished Creatures (others)
  A hell knight (Depths:2)
  2 necromancers (Depths:2)
  A wolf spider (Spider:2)
  A rust devil (Depths:2)
  A smoke demon (Depths:2)
  A jumping spider (Spider:4)
  A tyrant leech (Spider:4)
  A flying skull (Depths:4)
  A boggart (Depths:2)
  A bush (Elf:3)
  2 crawling corpses (Depths:4)
  21 fire vortices
  15 fungi
  29 plants
  8 starspawn tentacles (Abyss:3)
  11 tentacles
97 creatures vanquished.

Grand Total: 2950 creatures vanquished

Notes
Turn   | Place    | Note
-------+----------+-------------------------------------------
     0 | D:1      | Azzar the Gargoyle Earth Elementalist began the quest for
                  | the Orb.
     0 | D:1      | Reached XP level 1. HP: 10/10 MP: 3/3
   416 | D:1      | Reached XP level 2. HP: 9/15 MP: 0/5
  1258 | D:2      | Reached XP level 3. HP: 17/19 MP: 5/7
  1263 | D:2      | Learned a level 3 spell: Stone Arrow
  1381 | D:2      | Noticed an ogre
  1401 | D:2      | Killed an ogre
  1401 | D:2      | Reached skill level 1 in Conjurations
  1401 | D:2      | Reached skill level 5 in Earth Magic
  1401 | D:2      | Reached XP level 4. HP: 24/24 MP: 0/8
  1624 | D:2      | Reached XP level 5. HP: 28/28 MP: 6/9
  1640 | D:2      | Learned a level 5 spell: Lee's Rapid Deconstruction
  1904 | D:2      | You fall through a shaft for 2 floors!
  1904 | D:4      | Found an iron altar of Okawaru.
  2302 | D:3      | Reached XP level 6. HP: 29/32 MP: 8/11
  2311 | D:3      | Found a glowing drain.
  2322 | Sewer    | Entered a sewer
  3308 | D:3      | Gained mutation: Your magical capacity is low. (-10% MP)
                  | [potion of mutation]
  3308 | D:3      | Gained mutation: Your magical capacity is very low. (-20%
                  | MP) [potion of mutation]
  3308 | D:3      | Gained mutation: Your spells are a little harder to cast,
                  | but a little more powerful. [potion of mutation]
  3309 | D:3      | Lost mutation: Your spells are a little harder to cast, but
                  | a little more powerful. [potion of mutation]
  3309 | D:3      | Lost mutation: Your magical capacity is very low. (-20% MP)
                  | [potion of mutation]
  3309 | D:3      | Gained mutation: Your movements are slightly less
                  | encumbered by armour. (ER -2) [potion of mutation]
  3309 | D:3      | Gained mutation: Your muscles are strong. (Str +2) [potion
                  | of mutation]
  3437 | D:3      | Found a glowing silver altar of Zin.
  3930 | D:2      | Noticed Terence
  3932 | D:2      | Killed Terence
  4217 | D:4      | Reached XP level 7. HP: 33/36 MP: 7/12
  4474 | D:4      | Found a shattered altar of Ashenzari.
  4847 | D:4      | Noticed Edmund
  4904 | D:4      | Killed Edmund
  5226 | D:5      | Entered Level 5 of the Dungeon
  5784 | D:5      | Found a sparkling altar of Nemelex Xobeh.
  6116 | D:5      | Reached skill level 5 in Spellcasting
  6139 | D:5      | Reached skill level 5 in Conjurations
  6139 | D:5      | Reached XP level 8. HP: 30/41 MP: 9/14
  6235 | D:6      | Noticed Menkaure
  6239 | D:6      | Killed Menkaure
  6689 | D:6      | Found a sparkling altar of Nemelex Xobeh.
  6902 | D:6      | Reached skill level 1 in Fighting
  7114 | D:6      | Reached skill level 1 in Armour
  7206 | D:6      | Reached skill level 1 in Maces & Flails
  7206 | D:6      | Reached XP level 9. HP: 41/47 MP: 16/16
  7309 | D:6      | Reached skill level 1 in Evocations
  7584 | D:6      | Found a sacrificial altar of Ru.
  8329 | D:7      | Identified a scroll of acquirement
  8381 | D:7      | Learned a level 5 spell: Bolt of Magma
  8406 | D:7      | Found a flagged portal.
  8433 | Bailey   | Entered a bailey
  8692 | Bailey   | Reached skill level 1 in Fire Magic
  8888 | Bailey   | Reached XP level 10. HP: 7/56 MP: 0/17
  9848 | D:7      | Found an ancient bone altar of Kikubaaqudgha.
  9867 | D:7      | Found a staircase to the Ecumenical Temple.
  9876 | Temple   | Entered the Ecumenical Temple
  9936 | Temple   | Became a worshipper of Vehumet
 10142 | D:7      | Reached skill level 2 in Fire Magic
 10260 | D:7      | Found a stormy altar of Qazlal.
 10675 | D:7      | Learned a level 6 spell: Iron Shot
 10814 | D:7      | Found a hide-covered altar of Uskayaw.
 11407 | D:8      | Reached * piety under Vehumet
 11407 | D:8      | Offered knowledge of Sting by Vehumet.
 11871 | D:8      | Noticed a kobold demonologist
 11890 | D:8      | Killed a kobold demonologist
 12333 | D:8      | Reached skill level 3 in Fire Magic
 12660 | D:9      | Offered knowledge of Shock by Vehumet.
 12676 | D:9      | Reached ** piety under Vehumet
 12753 | D:9      | Reached XP level 11. HP: 62/62 MP: 7/19
 13391 | D:9      | Reached skill level 5 in Armour
 13416 | D:9      | Offered knowledge of Mephitic Cloud by Vehumet.
 13434 | D:9      | Reached skill level 5 in Fighting
 13434 | D:9      | Reached skill level 10 in Earth Magic
 13595 | D:9      | Noticed a two-headed ogre
 13600 | D:9      | Killed a two-headed ogre
 14112 | D:10     | Entered Level 10 of the Dungeon
 14342 | D:10     | Noticed Snorg
 14350 | D:10     | Killed Snorg
 14350 | D:10     | Reached skill level 4 in Fire Magic
 14697 | D:10     | Reached *** piety under Vehumet
 15140 | D:11     | Noticed a cyclops
 15150 | D:11     | Offered knowledge of Airstrike by Vehumet.
 15154 | D:11     | Killed a cyclops
 15154 | D:11     | Reached skill level 5 in Maces & Flails
 15392 | D:11     | Found a portal to a secret trove of treasure.
 15651 | D:11     | Found a staircase to the Lair.
 15829 | D:11     | Noticed a purple ugly thing
 15833 | D:11     | Killed a purple ugly thing
 15833 | D:11     | Reached XP level 12. HP: 69/69 MP: 10/21
 16279 | D:12     | Reached skill level 5 in Evocations
 16354 | D:12     | Reached **** piety under Vehumet
 16685 | D:12     | Noticed a two-headed ogre
 16689 | D:12     | Offered knowledge of Fireball by Vehumet.
 16690 | D:12     | Reached skill level 5 in Dodging
 16691 | D:12     | Killed a two-headed ogre
 16691 | D:12     | Reached skill level 5 in Fire Magic
 16698 | D:12     | Noticed an ogre mage
 17024 | D:12     | Noticed a sun demon
 17139 | D:12     | Lost mutation: Your magical capacity is low. (-10% MP)
                  | [potion of mutation]
 17139 | D:12     | Lost mutation: Your muscles are strong. (Str +2) [potion of
                  | mutation]
 17139 | D:12     | Gained mutation: You possess an exceptional clarity of
                  | mind. [potion of mutation]
 17139 | D:12     | Gained mutation: You have large cloven feet. [potion of
                  | mutation]
 17139 | D:12     | Gained mutation: You are agile. (Dex +2) [potion of
                  | mutation]
 17172 | D:12     | Found a staircase to the Orcish Mines.
 17176 | D:12     | Reached ***** piety under Vehumet
 17361 | D:12     | Offered knowledge of Irradiate by Vehumet.
 17370 | D:12     | Learned a level 5 spell: Irradiate
 17932 | D:12     | Killed an ogre mage
 18045 | D:12     | Noticed a two-headed ogre
 18051 | D:12     | Noticed an ogre mage
 18056 | D:12     | Killed a two-headed ogre
 18058 | D:12     | Killed an ogre mage
 18058 | D:12     | Reached XP level 13. HP: 28/76 MP: 9/25
 18288 | D:12     | Noticed Psyche
 18290 | D:12     | Killed Psyche
 18293 | D:12     | Reached skill level 6 in Fire Magic
 20453 | D:13     | Reached skill level 10 in Conjurations
 21276 | D:13     | Offered knowledge of Bolt of Cold by Vehumet.
 22632 | D:14     | Reached skill level 7 in Fire Magic
 22759 | D:14     | Found a blossoming altar of Fedhas.
 22999 | D:14     | Gained mutation: Your large and strong wings let you fly
                  | indefinitely. [Gargoyle growth]
 22999 | D:14     | Reached XP level 14. HP: 48/84 MP: 12/27
 23900 | D:14     | Found an opulent altar of Gozag.
 24136 | D:14     | Found a gate to the Vaults.
 24242 | D:15     | Entered Level 15 of the Dungeon
 24383 | Lair:1   | Entered Level 1 of the Lair of Beasts
 24384 | Lair:1   | Upgraded the game from 0.23-a0-635-g88ca12a7de to
                  | 0.23-a0-636-g0ff605794f
 24870 | Lair:1   | Noticed Harold
 24882 | Lair:1   | Killed Harold
 24972 | Lair:1   | Noticed Gastronok
 25002 | Lair:1   | Killed Gastronok
 25567 | Lair:2   | Found a gate leading to a gauntlet.
 25582 | Gauntlet | Entered a Gauntlet
 25582 | Gauntlet | Found a transporter.
 25582 | Gauntlet | Found a runed gate.
 25582 | Gauntlet | Found a runed gate.
 25586 | Gauntlet | Found a runed gate.
 25589 | Gauntlet | Found a transporter.
 25591 | Gauntlet | Found a transporter.
 25600 | Gauntlet | Found a transporter.
 25602 | Gauntlet | Found a transporter.
 25613 | Gauntlet | Found a transporter.
 25632 | Gauntlet | Found a transporter.
 25639 | Gauntlet | Noticed a reaper
 25642 | Gauntlet | Found a transporter.
 25652 | Gauntlet | Found a transporter.
 25668 | Gauntlet | Found a runed door.
 25668 | Gauntlet | Found a runed door.
 25672 | Gauntlet | Found a transporter.
 25687 | Gauntlet | Found a transporter.
 25735 | Gauntlet | Found a transporter.
 25750 | Gauntlet | Found a transporter.
 25949 | Gauntlet | Got a crude hat
 26148 | Gauntlet | Identified the Disquisition on Augmentations
 26151 | Gauntlet | Identified the Almanac of Ghastly Enhancements
 26174 | Gauntlet | Identified the Disquisition on Malediction and Shape
                  | Shifting
 26186 | Gauntlet | Identified the +2 hat of the Thistle {+Blink Regen+ Str+2
                  | Stlth+} (You found it in a Gauntlet)
 26202 | Gauntlet | Got a scintillating marble ring
 26203 | Gauntlet | Identified the ring "Viusk" {Dex+3 Stlth-} (You found it in
                  | a Gauntlet)
 26270 | Lair:2   | Found a hole to the Spider Nest.
 26472 | Lair:2   | Got a pair of brightly glowing boots
 26473 | Lair:2   | Identified the +4 pair of boots "Wuocump" {rF+ MR- Dex+4
                  | Stlth+} (You found it on level 2 of the Lair of Beasts)
 26595 | Lair:2   | Found a runed door.
 26595 | Lair:2   | Noticed Wuig's ghost (journeyman VSMo)
 26606 | Lair:2   | Killed Wuig's ghost
 26669 | Lair:2   | Found a staircase to the Shoals.
 26849 | Lair:2   | Offered knowledge of Ozocubu's Refrigeration by Vehumet.
 27550 | Lair:3   | Reached skill level 8 in Fire Magic
 29193 | Lair:4   | Reached XP level 15. HP: 91/91 MP: 8/28
 29764 | Lair:5   | Offered knowledge of Yara's Violent Unravelling by Vehumet.
 29810 | Lair:5   | Reached skill level 10 in Spellcasting
 30494 | Lair:5   | Found a staircase to the Slime Pits.
 30636 | Lair:5   | Found a viscous altar of Jiyva.
 30821 | Lair:5   | Noticed Sonja
 30822 | Lair:5   | Killed Sonja
 31318 | Lair:5   | Reached skill level 10 in Fighting
 31596 | Lair:6   | Entered Level 6 of the Lair of Beasts
 32074 | Lair:6   | Offered knowledge of Poison Arrow by Vehumet.
 32077 | Lair:6   | Reached skill level 9 in Fire Magic
 32582 | Lair:6   | Identified Sif Muna's Papyrus of Damaging Moulding
 32849 | Lair:6   | Found a runed door.
 33770 | Orc:1    | Entered Level 1 of the Orcish Mines
 33771 | Orc:1    | You are sucked into a shaft!
 33771 | Orc:2    | Entered Level 2 of the Orcish Mines
 33779 | Orc:2    | Found a dark tunnel.
 33789 | Volcano  | Entered a volcano
 33821 | Volcano  | Reached XP level 16. HP: 55/98 MP: 11/30
 33871 | Volcano  | Reached skill level 10 in Fire Magic
 33871 | Volcano  | Reached XP level 17. HP: 93/103 MP: 22/32
 33874 | Volcano  | Got translucent fire dragon scales
 33946 | Volcano  | Reached XP level 18. HP: 104/108 MP: 11/34
 34112 | Orc:2    | Identified the +3 fire dragon scales of Sasin {rF++ rC-
                  | rCorr Str+3 Slay+3} (You found it in a volcano)
 34132 | Orc:1    | Noticed Fannar
 34135 | Orc:1    | Killed Fannar
 34864 | Orc:1    | Offered knowledge of Bolt of Fire by Vehumet.
 35366 | Orc:2    | Found a bloodstained altar of Trog.
 35519 | Orc:2    | Found a staircase to the Elven Halls.
 36241 | Orc:2    | Found Doroh's Book Emporium.
 36241 | Orc:2    | Found Ycsozu's Book Boutique.
 36243 | Orc:2    | Found Benunwi's Book Shop.
 36245 | Orc:2    | Found Darphior's Armour Shoppe.
 36260 | Orc:2    | Learned a level 6 spell: Bolt of Fire
 36269 | Orc:2    | Bought a book of the Tempests for 1120 gold pieces
 36278 | Orc:2    | Learned a level 8 spell: Ignition
 36286 | Orc:2    | Bought a manual of Fighting for 1214 gold pieces
 36615 | Elf:1    | Entered Level 1 of the Elven Halls
 36631 | Elf:1    | Found Healet Eche's General Store.
 36706 | Elf:1    | Found a deep blue altar of Sif Muna.
 36831 | D:15     | Found a staircase to the Depths.
 37103 | D:15     | Reached skill level 10 in Maces & Flails
 37664 | D:15     | Reached ****** piety under Vehumet
 37707 | D:15     | Reached skill level 11 in Fire Magic
 37757 | D:15     | Offered knowledge of Freezing Cloud by Vehumet.
 37793 | D:15     | Noticed a bone dragon
 37794 | D:15     | Found the +9 sword of Zonguldrok {reap}
 37799 | D:15     | Killed a bone dragon
 38147 | Shoals:1 | Entered Level 1 of the Shoals
 38630 | Shoals:1 | Identified Roxanne's Disquisition on the Rocks
 38630 | Shoals:1 | Noticed Roxanne
 38638 | Shoals:1 | Killed Roxanne
 40174 | Shoals:2 | Noticed Ilsuiw
 40199 | Shoals:2 | Killed Ilsuiw
 40199 | Shoals:2 | Reached XP level 19. HP: 105/116 MP: 12/35
 40339 | Shoals:2 | Reached skill level 12 in Fire Magic
 40703 | Shoals:2 | Offered knowledge of Lehudib's Crystal Spear by Vehumet.
 40703 | Shoals:2 | Offered knowledge of Fire Storm by Vehumet.
 40703 | Shoals:2 | Offered knowledge of Glaciate by Vehumet.
 42173 | Shoals:4 | Entered Level 4 of the Shoals
 42338 | Shoals:4 | Noticed Kirke
 42346 | Shoals:4 | Killed Kirke
 42946 | Shoals:4 | Got a barnacled rune of Zot
 44164 | Shoals:4 | Identified Ujoit's Tome of Enchanting Contamination
 44194 | Shoals:4 | Reached skill level 13 in Fire Magic
 44582 | Spider:1 | Entered Level 1 of the Spider Nest
 44590 | Spider:1 | Reached skill level 15 in Earth Magic
 45781 | Spider:2 | Reached XP level 20. HP: 117/125 MP: 25/37
 46005 | Spider:2 | Reached skill level 10 in Dodging
 46487 | Spider:2 | Noticed Arachne
 46891 | Spider:2 | Killed Arachne
 48223 | Spider:4 | Entered Level 4 of the Spider Nest
 48261 | Spider:4 | Reached skill level 14 in Fire Magic
 49293 | Spider:3 | Gained mutation: You are somewhat resistant to further
                  | mutation. [mutagenic glow]
 51004 | Spider:4 | Got a gossamer rune of Zot
 51514 | Depths:1 | Entered Level 1 of the Depths
 51532 | Depths:1 | Reached skill level 15 in Fighting
 51532 | Depths:1 | Reached XP level 21. HP: 134/134 MP: 14/38
 51968 | Depths:1 | Found a gateway to Hell.
 52996 | Depths:1 | Found Ndaecw's Needful Niceties.
 53105 | Depths:1 | Found a runed door.
 53117 | Depths:1 | Reached skill level 15 in Fire Magic
 53414 | Depths:1 | Identified the Incunabulum of Attacks
 53562 | Depths:1 | Found a one-way gate to the infinite horrors of the Abyss.
 53784 | Depths:1 | Got a pitted buckler
 53790 | Depths:1 | Identified the -7 buckler "Xadygef" {rElec rF+ rN+ Regen+
                  | Stlth-} (You acquired it on level 1 of the Depths)
 53806 | Depths:2 | Found a gateway to a ziggurat.
 53814 | Depths:2 | Found Funac's Food Emporium.
 54221 | Depths:2 | Noticed Nikola
 54788 | Vaults:1 | Entered Level 1 of the Vaults
 56238 | Vaults:1 | Reached XP level 22. HP: 142/142 MP: 33/40
 56614 | Vaults:2 | Noticed Jory
 56628 | Vaults:2 | Killed Jory
 56628 | Vaults:2 | Reached skill level 1 in Shields
 56781 | Vaults:2 | Reached skill level 15 in Conjurations
 57600 | Vaults:2 | Cast into level 3 of the Abyss (a deep elf sorcerer)
 57605 | Abyss:3  | Found a stormy altar of Qazlal.
 57649 | Abyss:3  | Found a corrupted altar of Lugonu.
 58045 | Abyss:3  | Found a corrupted altar of Lugonu.
 58101 | Abyss:3  | Reached skill level 16 in Fire Magic
 58355 | Vaults:2 | Escaped the Abyss
 59602 | Vaults:3 | Learned a level 9 spell: Shatter
 60008 | Vaults:3 | Reached skill level 5 in Shields
 60008 | Vaults:3 | Reached XP level 23. HP: 150/150 MP: 10/41
 60347 | Vaults:3 | Identified the cursed +1 robe "Dodiotus" {Regen+ Dex+2}
                  | (You found it on level 3 of the Vaults)
 60353 | Vaults:3 | Found a staircase to the Crypt.
 60353 | Vaults:3 | Found an ancient bone altar of Kikubaaqudgha.
 60354 | Vaults:3 | Found a basalt altar of Yredelemnul.
 61301 | Vaults:4 | Reached skill level 17 in Fire Magic
 61306 | Vaults:4 | Reached skill level 15 in Spellcasting
 62446 | Vaults:4 | Found Saomac's Antique Weapon Boutique.
 63024 | Vaults:4 | Reached XP level 24. HP: 157/157 MP: 42/42
 63422 | Vaults:5 | Entered Level 5 of the Vaults
 63426 | Vaults:5 | Reached skill level 18 in Fire Magic
 63435 | Vaults:5 | Noticed an ancient lich
 63628 | Vaults:5 | Noticed an ancient lich
 63654 | Vaults:4 | Killed an ancient lich
 63784 | Vaults:5 | Killed an ancient lich
 64250 | Vaults:5 | Got a silver rune of Zot
 64408 | Vaults:5 | Identified the ring "Hetewe" {AC+3 Str+4 Dex+2 Stlth+}
 64460 | Vaults:5 | Identified the ring "Daon" {-Tele rPois MR+ Int+2 Dex+3}
 64463 | Vaults:5 | Reached XP level 25. HP: 163/164 MP: 34/42
 64564 | Vaults:5 | Identified the +7 flail of Lyrurch {drain, rPois rN+}
 64585 | Vaults:5 | Got a glittering steel ring
 64586 | Vaults:5 | Identified the ring of Ameip {rElec rF+ Str+3 Int+4} (You
                  | found it on level 5 of the Vaults)
 64603 | Vaults:5 | Got a pair of fine boots
 64604 | Vaults:5 | Identified the +1 pair of boots "Finy Dop" {rCorr} (You
                  | acquired it on level 5 of the Vaults)
 64667 | Vaults:5 | Identified the ring "Poemmoc" {+Fly rElec rPois}
 65039 | Vaults:5 | Identified the +2 pair of boots of Lifelessness {MP+9
                  | Stlth+} (You found it on level 5 of the Vaults)
 65211 | Vaults:5 | Identified the ring of Joy {Fire Dex+3} (You found it on
                  | level 5 of the Vaults)
 65605 | D:15     | Learned a level 9 spell: Fire Storm
 65779 | Elf:1    | You are sucked into a shaft!
 65780 | Elf:2    | Found a runed gate.
 65780 | Elf:2    | Found a runed gate.
 65781 | Elf:2    | Found a runed gate.
 65850 | Elf:1    | Reached skill level 15 in Maces & Flails
 66186 | Elf:1    | Noticed Asterion
 66196 | Elf:1    | Killed Asterion
 66726 | Elf:1    | Reached skill level 19 in Fire Magic
 66828 | Elf:1    | Got a glittering brass amulet
 66829 | Elf:1    | Identified the amulet "Rycw" {RegenMP *Slow rC+ Stlth+}
                  | (You found it on level 1 of the Elven Halls)
 66841 | Elf:1    | Identified the Compendium of the Escort
 67839 | Elf:3    | Entered Level 3 of the Elven Halls
 67844 | Elf:3    | Found Qiyfus's Book Shop.
 68729 | Elf:3    | Identified the +4 mace "Nunlin" {protect, *Noise Int+7
                  | Dex+4}
 68730 | Elf:3    | Reached XP level 26. HP: 172/172 MP: 43/43
 68867 | Elf:3    | Identified the Almanac of Helpful Translocation
 68886 | Elf:3    | Identified Sif Muna's Tome of Floating Dislocation
 68895 | Elf:3    | Identified the Papyrus of the Boosting Voyage
 69038 | Elf:3    | Learned a level 1 spell: Apportation
 69341 | Depths:2 | Killed Nikola
 70358 | Depths:3 | Noticed Frederick
 70362 | Depths:3 | Killed Frederick
 70362 | Depths:3 | Reached skill level 20 in Fire Magic
 70551 | Depths:3 | Identified the ring of Sif Muna's Fury {rPois MR+ Int+10
                  | Dex-3 Stlth+}
 70896 | Slime:1  | Entered Level 1 of the Pits of Slime
 72133 | Slime:5  | Entered Level 5 of the Pits of Slime
 72544 | Slime:5  | Found a viscous altar of Jiyva.
 73054 | Slime:5  | Noticed the Royal Jelly
 73060 | Slime:5  | Killed the Royal Jelly
 73060 | Slime:5  | Reached XP level 27. HP: 178/178 MP: 24/43
 73226 | Slime:5  | Got a slimy rune of Zot
 73247 | Slime:5  | Got a sparkling brass ring
 73248 | Slime:5  | Identified the ring "Liwusuudgh" {rF+ Int+2} (You found it
                  | on level 5 of the Pits of Slime)
 73670 | Slime:3  | Lost mutation: You possess an exceptional clarity of mind.
                  | [a shining eye]
 73689 | Slime:3  | Gained mutation: Scrolls take you a little longer to read.
                  | [a shining eye]
 74121 | Depths:3 | Noticed a juggernaut
 74206 | Depths:3 | Killed a juggernaut
 74206 | Depths:3 | Reached skill level 21 in Fire Magic
 74749 | Depths:3 | Found a one-way gate leading to the halls of Pandemonium.
 74849 | Depths:3 | Noticed a juggernaut
 74856 | Depths:3 | Killed a juggernaut
 76065 | Depths:4 | Identified the amulet "Bog Der" {Faith rPois rN+ Stlth-}
 76066 | Depths:4 | Identified the +2 ring mail "Benkinum" {rElec}
 76325 | Depths:4 | Identified the +8 battleaxe of Dithmenos's Hatred {protect,
                  | Str+2}
 76587 | Depths:4 | Identified the ring "Teur" {rCorr rC++ MR+++}
 76882 | Depths:4 | Learned a level 9 spell: Glaciate
 77217 | Depths:4 | Lost mutation: Scrolls take you a little longer to read.
                  | [potion of mutation]
 77217 | Depths:4 | Lost mutation: You have large cloven feet. [potion of
                  | mutation]
 77217 | Depths:4 | Lost mutation: You are agile. (Dex +2) [potion of mutation]
 77217 | Depths:4 | Gained mutation: Potions are less effective at restoring
                  | your health. [potion of mutation]
 77217 | Depths:4 | Gained mutation: Your flesh is heat resistant. (rF+)
                  | [potion of mutation]
 77415 | Depths:4 | Found an iron altar of Okawaru.
 77427 | Depths:4 | Reached skill level 1 in Ice Magic
 77680 | Depths:4 | Found a hide-covered altar of Uskayaw.
 77716 | Depths:4 | Found a burning altar of Makhleb.
 77731 | Depths:4 | Reached skill level 22 in Fire Magic
 77893 | Depths:4 | Identified the Reference Book on Confrontation and the
                  | Rocks
 77980 | Depths:4 | Found a stormy altar of Qazlal.
 78365 | Depths:5 | Entered Level 5 of the Depths
 79050 | Zig:1    | Entered Level 1 of a ziggurat
 79195 | Zig:2    | Entered Level 2 of a ziggurat
 79269 | Zig:2    | Identified the Tome of the Many Gods
 79276 | Zig:3    | Entered Level 3 of a ziggurat
 79279 | Zig:3    | Reached skill level 15 in Dodging
 79448 | Zig:4    | Entered Level 4 of a ziggurat
 79496 | Zig:4    | Got a brightly glowing iron ring
 79497 | Zig:4    | Identified the ring of Teameudd {MR+++ EV+2 Str-5 Dex+3
                  | SInv} (You found it on level 4 of a ziggurat)
 79501 | Zig:4    | Got a clouded crystal amulet
 79502 | Zig:4    | Identified the amulet of Trepidation {Faith Slay+2} (You
                  | found it on level 4 of a ziggurat)
 79512 | Zig:5    | Entered Level 5 of a ziggurat
 79634 | Zig:5    | Got a steaming platinum ring
 79635 | Zig:5    | Identified the ring of Wiul {+Inv rC- MR+ Int+3} (You found
                  | it on level 5 of a ziggurat)
 79746 | Zig:5    | Reached skill level 5 in Ice Magic
 79752 | Zig:6    | Entered Level 6 of a ziggurat
 79967 | Zig:6    | Identified the +0 robe "Ipoppew" {Int+3 Dex+4} (You found
                  | it on level 6 of a ziggurat)
 79984 | Zig:7    | Entered Level 7 of a ziggurat
 80068 | Zig:8    | Entered Level 8 of a ziggurat
 80074 | Zig:8    | Noticed Kituuggu the pandemonium lord
 80081 | Zig:8    | Reached skill level 1 in Throwing
 80086 | Zig:8    | Killed Kituuggu the pandemonium lord
 80234 | Zig:8    | Got a fine marble ring
 80235 | Zig:8    | Identified the ring of Farhystru {rCorr rN+ MR+} (You found
                  | it on level 8 of a ziggurat)
 80251 | Zig:9    | Entered Level 9 of a ziggurat
 80259 | Zig:9    | Noticed a juggernaut
 80260 | Zig:9    | Noticed a juggernaut
 80261 | Zig:9    | Found the +9 staff of Wucad Mu {channel}
 80264 | Zig:9    | Killed a juggernaut
 80264 | Zig:9    | Killed a juggernaut
 80378 | Zig:9    | Identified the cursed +0 pair of boots of Autotheism {MR+
                  | Regen+} (You found it on level 9 of a ziggurat)
 80382 | Zig:9    | Reached skill level 10 in Ice Magic
 80392 | Zig:9    | Got a bound granite ring
 80393 | Zig:9    | Identified the ring of Nozath {rPois MR+ Str+4 Dex+4} (You
                  | found it on level 9 of a ziggurat)
 80402 | Zig:10   | Entered Level 10 of a ziggurat
 80499 | Zig:10   | Identified the +9 morningstar of Greatest Utility {vamp,
                  | Dex+4} (You found it on level 10 of a ziggurat)
 80513 | Zig:11   | Entered Level 11 of a ziggurat
 80675 | Zig:12   | Entered Level 12 of a ziggurat
 80689 | Zig:12   | Found the +7 great mace "Undeadhunter" {disrupt, rN+}
 80804 | Zig:13   | Entered Level 13 of a ziggurat
 80815 | Zig:13   | Noticed Obihucu the pandemonium lord
 80824 | Zig:13   | Killed Obihucu the pandemonium lord
 80995 | Zig:14   | Entered Level 14 of a ziggurat
 81041 | Zig:14   | Found the +8 lance "Wyrmbane" {slay drac, rPois rF+ rC+
                  | AC+3}
 81053 | Zig:14   | HP: 9/181 [torpor snail (24)]
 81053 | Zig:14   | Slain by an entropy weaver

Vault maps used:
D:1:      saegor_arrival_simple_b, roderic_lattice_a, interstate_on_off,
          minivault_11
D:2:      minmay_tromino_v2, uniq_terence
D:3:      old_standard_altar, lightli_sewer_entry_pipes
D:4:      minmay_evil_eye, okawaru_ov_weapons_minmay, lemuel_round_altar,
          first_ration, uniq_edmund
D:5:      nemelex_xobeh_ov_fountains_minmay, serial_column_ruins,
          column_ruins_columns_straight, column_ruins_grid_4,
          column_ruins_grid_1, column_ruins_open_small_water
D:6:      nicolae_overflow_crystal_walls, nemelex_spade_bored_becter,
          uniq_menkaure
D:7:      statuecave_lemuel, lemuel_doored_altar, grunt_qazlal_clouds,
          kiku_gazebo_garden_becter, minmay_temple_entry_junction,
          enter_bailey_7, grunt_livestock
D:8:      st_stairs_13
D:10:     uniq_snorg
D:11:     erik_lair_dragon, enter_trove_6, wad_dig_loot
D:12:     minmay_imperfect_grid, kennysheep_orc_monster_closet_entryway,
          minmay_statue_bubble, uniq_psyche
D:13:     minmay_misc_feat_encased
D:14:     david_vaults_1, fedhas_altar_3,
          nicolae_gozag_cash_rules_everything_around_me
D:15:     gammafunk_depths_entry_grave, nicolae_benzene_ring,
          minmay_guarded_unrand_zonguldrok
Temple:   eino_temple_water
Lair:1:   uniq_harold, uniq_gastronok
Lair:2:   elwin_shoals_entry_rocks, nicolae_spider_entry_non_spiders,
          hellmonk_ghost_happy_afterlife, gauntlet_entry_generic,
          serial_bayou_shore_a
Lair:4:   serial_bayou, serial_bayou_pond_e, serial_bayou_shore_b,
          serial_bayou_crossing, serial_bayou_pond_e, fungi_pond_lemuel
Lair:5:   wad_woods_minihive, slime_altar_1, infiniplex_staircase_pool,
          uniq_sonja
Lair:6:   wormcave, hangedman_lair_caniforms_friends, guppyfry_lair_drakes,
          serial_bayou_shore_b
Shoals:1: nicolae_shoals_loop_pool, uniq_roxanne
Shoals:2: uniq_ilsuiw
Shoals:4: shoals_end_simple, nicolae_shoals_this_corrosion, uniq_kirke
Spider:2: guppyfry_spider_mini_1, uniq_arachne
Spider:3: nicolae_spider_mines_3
Spider:4: grunt_spider_rune_island, spider_trap, worms_lemuel
Orc:1:    cheibrodos_orc_arena, nicolae_orc_damp_corner, uniq_fannar
Orc:2:    st_orc_rangers, enter_volcano_1, bloody_trog
Elf:1:    serial_shops, shop, hangedman_corner_corridor, spider_trap,
          hangedman_summoners_spam, uniq_asterion
Elf:3:    minmay_elf_hall_x, serial_shops,
          nicolae_shop_competitors_out_of_business, hangedman_elven_ridges
Vaults:1: hangedman_vaults_pinch, hangedman_vaults_corner_blocks,
          vaults_standard_mumra_enter_the_diamond, v_pattern_1,
          vaults_room_corners, ontoclasm_vaults_decontamination,
          vaults_room_door_ring, nicolae_vaults_big_ls
Vaults:2: v_misc_33, hangedman_vaults_slice, hangedman_vaults_trim,
          nicolae_vaults_gold_heap, nicolae_vaults_lopsided_apartments,
          v_rooms_3, v_pattern_4, grunt_vaults_hallway_short, uniq_jory
Vaults:3: minmay_crypt_entry_necro_gods, vaults_dpeg_cross,
          ontoclasm_vaults_loading_screen, hangedman_vaults_cutoff,
          hangedman_vaults_corner_blocks, v_misc_24,
          nicolae_vaults_little_squares_4, st_spiral_rooms, v_rooms_1,
          vaults_mumra_hexcomb, v_pattern_2, grunt_vaults_trifunnel, v_misc_10,
          vaults_dpeg_diagonal, serial_glass
Vaults:4: nicolae_vaults_sealed_display, st_greater_box_2,
          nicolae_vaults_network_barrier, v_misc_14, v_alt_pattern_2, v_misc_14,
          ontoclasm_vaults_ring_square, v_misc_32, vaults_mumra_minichess,
          v_rooms_2, v_misc_22, nicolae_vaults_rhombus_6, v_misc_25,
          vaults_dpeg_hooks, serial_shops, nicolae_shop_behind_doors
Vaults:5: serial_shops
Depths:1: hell_entry, minmay_room_of_horrors, nicolae_alphabet_shops,
          lightli_gold_pyramid
Depths:2: kennysheep_demon_jail, enter_ziggurat_c, minmay_holes, serial_shops,
          shop, lightli_enter_wizlab_magi_temple, hell_entry, uniq_nikola
Depths:3: grunt_arcs, pan_entry, minmay_stone_trees_small, abyss_entry,
          hell_entry, uniq_frederick
Depths:4: grunt_profane_halls, abyss_entry, hell_entry, pan_entry
Depths:5: grunt_twist_and_shout, hangedman_abyss_entry_splay, hell_entry,
          nicolae_ashenzari_panopticon, kilobyte_rumbling_trees,
          serial_bayou_shore_b
Zig:6:    ziggurat_pillar_centre_c
Zig:8:    ziggurat_pillar_centre_dispersal
Zig:10:   ziggurat_pillar_centre_dead_trees
Sewer:    sewer_co_cracked_pipes
Bailey:   bailey_polearm_gnolls_kennysheep, bailey
Volcano:  volcano_pools
Gauntlet: minmay_gauntlet_77_tree

Skill      XL: |  1  2  3  4  5  6  7  8  9 10 11 12 13 14 15 16 17 18 19 20 21 22 23 24 25 26 27 |
---------------+----------------------------------------------------------------------------------+-----
Earth Magic    | 4 5 6 7 8 9 10 11 12 13 14 15 16 17 18 19 20 21 | 21.2
Spellcasting   | 3 4 5 6 7 8 9 10 11 12 13 14 15 16 17 | 17.9
Conjurations   | 1 2 3 5 6 7 8 9 10 11 12 13 14 15 | 15.0
Fighting       | 1 3 4 5 6 8 9 10 12 13 15 16 17 18 19 20 | 20.8
Armour         | 1 3 4 5 6 |  6.0
Maces & Flails | 1 2 4 5 6 7 8 9 10 11 12 13 14 15 16 | 16.0
Dodging        | 2 3 4 5 6 7 8 9 10 11 12 13 14 15 | 15.0
Evocations     | 2 3 4 5 6 |  6.0
Fire Magic     | 1 3 4 5 7 8 9 10 11 13 14 15 16 17 18 19 20 22 | 22.3
Shields        | 5 |  5.0
Ice Magic      | 14 | 14.9
Throwing       | 1 |  1.2
Stealth        | |  2.1
Transmutations | |  0.7

Action                   |  1- 3 |  4- 6 |  7- 9 | 10-12 | 13-15 | 16-18 | 19-21 | 22-24 | 25-27 || total
-------------------------+-------+-------+-------+-------+-------+-------+-------+-------+-------++-------
Melee: Dagger            |    39 |       |       |       |       |       |       |       |       ||    39
       Unarmed           |    10 |       |       |       |       |       |       |       |       ||    10
       Spear             |    16 |    19 |       |       |       |       |       |       |       ||    35
       Whip              |       |   219 |   168 |   228 |       |       |       |       |       ||   615
       Morningstar       |       |       |       |   352 |  1053 |   404 |       |       |       ||  1809
       Eveningstar       |       |       |       |       |       |   216 |  1051 |   637 |   422 ||  2326
       Staff             |       |       |       |       |       |       |       |       |   132 ||   132
Throw: Throwing net      |       |       |     1 |       |       |       |       |       |       ||     1
       Javelin           |       |       |       |       |     1 |       |       |       |       ||     1
 Cast: Sandblast         |    17 |    19 |    88 |    78 |   143 |     1 |     7 |     1 |       ||   354
       Stone Arrow       |       |     7 |    14 |    18 |     9 |       |       |       |       ||    48
       Lee's Rapid Decon |       |     1 |    20 |    64 |    65 |    32 |    24 |     3 |    16 ||   225
       Bolt of Magma     |       |       |       |    22 |    97 |    72 |    47 |     7 |     4 ||   249
       Iron Shot         |       |       |       |       |    47 |    35 |    61 |    60 |   140 ||   343
       Irradiate         |       |       |       |       |    11 |       |       |       |       ||    11
       Ignition          |       |       |       |       |       |     6 |   153 |   121 |   210 ||   490
       Bolt of Fire      |       |       |       |       |       |       |     4 |       |       ||     4
       Shatter           |       |       |       |       |       |       |       |    20 |    81 ||   101
       Fire Storm        |       |       |       |       |       |       |       |       |    14 ||    14
 Abil: Evoke Flight      |       |       |       |     1 |       |       |       |       |       ||     1
       Fly               |       |       |       |       |     1 |       |       |       |       ||     1
       Stop Flying       |       |       |       |       |       |       |       |       |     1 ||     1
       Evoke Invisibilit |       |       |       |       |       |       |       |       |     1 ||     1
Evoke: Wand              |       |       |     9 |    17 |    12 |    10 |     7 |       |     2 ||    57
       Fan of gales      |       |       |       |       |       |       |     1 |       |       ||     1
  Use: Scroll            |     3 |    11 |     8 |     7 |    19 |     5 |    20 |     9 |    41 ||   123
       Potion            |     2 |     4 |     3 |     5 |     6 |     6 |     5 |    10 |    14 ||    55
 Stab: Sleeping          |     1 |     2 |     2 |     6 |     9 |    11 |    17 |     8 |    10 ||    66
       Distracted        |       |     1 |       |     1 |     2 |       |     6 |     2 |     1 ||    13
       Held in net/web   |       |       |     2 |       |       |       |       |       |       ||     2
       Invisible         |       |       |       |       |     1 |       |       |       |       ||     1
  Eat: Chunk             |     2 |    10 |    18 |    35 |    85 |    43 |   135 |    75 |    99 ||   502
       Ration            |       |       |     1 |     6 |     7 |       |     9 |     7 |    23 ||    53
Armor: Robe              |    49 |   118 |    96 |   296 |   730 |   336 |   921 |   302 |   416 ||  3264
       Skin              |       |     4 |     1 |       |       |       |       |       |       ||     5
Dodge: Dodged            |    89 |   185 |   172 |   517 |  1585 |   594 |  1502 |   532 |   465 ||  5641
Block: Buckler           |       |       |       |       |       |       |       |   203 |   223 ||   426

Table legend:
 A = Non-vault XP
 B = Vault XP
 C = Vault XP percentage of total XP
 D = Non-vault monster count
 E = Vault monster count
 F = Vault count percentage of total count
                 A         B        C        D         E       F
            +---------+---------+-------+---------+---------+-------
      Total |  787894 |  734975 |  48.3 |    1742 |    1060 |  37.8
            +---------+---------+-------+---------+---------+-------
        D:1 |      24 |       0 |   0.0 |      14 |       0 |   0.0
        D:2 |     210 |      39 |  15.7 |      20 |       3 |  13.0
        D:3 |      69 |      69 |  50.0 |      23 |       7 |  23.3
        D:4 |     212 |     181 |  46.1 |      10 |       5 |  33.3
        D:5 |     466 |       0 |   0.0 |      14 |       0 |   0.0
        D:6 |    1945 |     165 |   7.8 |      41 |       1 |   2.4
        D:7 |     834 |     996 |  54.4 |      29 |       9 |  23.7
        D:8 |    2082 |       0 |   0.0 |      42 |       0 |   0.0
        D:9 |    5060 |       0 |   0.0 |      38 |       0 |   0.0
       D:10 |    1135 |    1152 |  50.4 |      23 |       1 |   4.2
       D:11 |    1779 |    1584 |  47.1 |      17 |       6 |  26.1
       D:12 |   10474 |    9578 |  47.8 |      61 |      51 |  45.5
       D:13 |   10454 |     291 |   2.7 |      44 |       1 |   2.2
       D:14 |   10516 |     935 |   8.2 |      32 |       2 |   5.9
       D:15 |    2714 |   16621 |  86.0 |      14 |      29 |  67.4
     Lair:1 |    2285 |    3122 |  57.7 |      14 |       2 |  12.5
     Lair:2 |    2193 |    1232 |  36.0 |      10 |       9 |  47.4
     Lair:3 |    5899 |       0 |   0.0 |      29 |       0 |   0.0
     Lair:4 |   11379 |       0 |   0.0 |      35 |       0 |   0.0
     Lair:5 |    8474 |    6809 |  44.6 |      19 |      61 |  76.2
     Lair:6 |    4334 |   18342 |  80.9 |      16 |      79 |  83.2
   Shoals:1 |   12291 |    1934 |  13.6 |      25 |       1 |   3.8
   Shoals:2 |   25613 |    3941 |  13.3 |      44 |       4 |   8.3
   Shoals:3 |   12239 |       0 |   0.0 |      24 |       0 |   0.0
   Shoals:4 |   10877 |   31145 |  74.1 |      22 |      52 |  70.3
   Spider:1 |   15954 |       0 |   0.0 |      51 |       0 |   0.0
   Spider:2 |   15093 |    5305 |  26.0 |      33 |       7 |  17.5
   Spider:3 |   25905 |   10080 |  28.0 |      65 |      18 |  21.7
   Spider:4 |   12633 |   24936 |  66.4 |      34 |      51 |  60.0
    Slime:1 |    6421 |       0 |   0.0 |      10 |       0 |   0.0
    Slime:2 |   13261 |       0 |   0.0 |      38 |       0 |   0.0
    Slime:3 |   29211 |       0 |   0.0 |      50 |       0 |   0.0
    Slime:4 |   21418 |       0 |   0.0 |      55 |       0 |   0.0
    Slime:5 |   15210 |   32479 |  68.1 |      27 |      13 |  32.5
      Orc:1 |    1831 |    2535 |  58.1 |      37 |      16 |  30.2
      Orc:2 |    5167 |    5058 |  49.5 |      32 |      35 |  52.2
      Elf:1 |   16969 |   12791 |  43.0 |      26 |      18 |  40.9
      Elf:2 |    6944 |   22185 |  76.2 |      12 |      28 |  70.0
      Elf:3 |   25968 |   50398 |  66.0 |      39 |      35 |  47.3
   Vaults:1 |   15766 |   14323 |  47.6 |      38 |      20 |  34.5
   Vaults:2 |   20271 |   24598 |  54.8 |      35 |      33 |  48.5
   Vaults:3 |   42705 |   30020 |  41.3 |      59 |      38 |  39.2
   Vaults:4 |   41401 |   78238 |  65.4 |      60 |      73 |  54.9
   Vaults:5 |   24318 |   96943 |  79.9 |      39 |      72 |  64.9
   Depths:1 |   38175 |   22835 |  37.4 |      45 |      30 |  40.0
   Depths:2 |   28603 |   25666 |  47.3 |      41 |      36 |  46.8
   Depths:3 |   24180 |   75239 |  75.7 |      21 |      39 |  65.0
   Depths:4 |    1687 |   91679 |  98.2 |       1 |     104 |  99.0
   Depths:5 |    4500 |    3795 |  45.8 |       3 |       4 |  57.1
    Abyss:3 |   25796 |       0 |   0.0 |      45 |       0 |   0.0
      Zig:1 |    1187 |       0 |   0.0 |       3 |       0 |   0.0
      Zig:2 |    3241 |       0 |   0.0 |       2 |       0 |   0.0
      Zig:3 |    4331 |       0 |   0.0 |       3 |       0 |   0.0
      Zig:4 |    6363 |       0 |   0.0 |       7 |       0 |   0.0
      Zig:5 |    3941 |       0 |   0.0 |       7 |       0 |   0.0
      Zig:6 |   10009 |       0 |   0.0 |       8 |       0 |   0.0
      Zig:7 |    7337 |       0 |   0.0 |      16 |       0 |   0.0
      Zig:8 |   17512 |       0 |   0.0 |      11 |       0 |   0.0
      Zig:9 |   21951 |     632 |   2.8 |      22 |       1 |   4.3
     Zig:10 |   11622 |       0 |   0.0 |      25 |       0 |   0.0
     Zig:11 |   15112 |       0 |   0.0 |      23 |       0 |   0.0
     Zig:12 |   18471 |       0 |   0.0 |      23 |       0 |   0.0
     Zig:13 |   35980 |       0 |   0.0 |      23 |       0 |   0.0
     Zig:14 |    7892 |       0 |   0.0 |      13 |       0 |   0.0
      Sewer |       0 |      81 | 100.0 |       0 |      19 | 100.0
     Bailey |       0 |    1198 | 100.0 |       0 |      30 | 100.0
    Volcano |       0 |    3288 | 100.0 |       0 |       7 | 100.0
   Gauntlet |       0 |    2537 | 100.0 |       0 |      10 | 100.0
            +---------+---------+-------+---------+---------+-------
